 Dungeon Crawl Stone Soup version 0.24-a0-586-g8e0e932a4c (webtiles) character file.

Game seed: 3872785909603900324, levelgen mode: deterministic

4609 Loge the Spear-Bearer (level 10, -16/67 HPs)
             Began as a Merfolk Skald on Sept 8, 2019.
             Was a Follower of Yredelemnul.
             Killed by the air
             ... invoked by Gastronok
              (22 damage)
             ... on level 9 of the Dungeon.
             The game lasted 00:49:05 (10398 turns).

Loge the Spear-Bearer (Merfolk Skald)              Turns: 10398, Time: 00:49:06

Health: -16/67     AC: 11    Str: 11    XL:     10   Next: 42%
Magic:  1/13       EV: 18    Int: 15    God:    Yredelemnul [*.....]
Gold:   378        SH:  5    Dex: 15    Spells: 1/13 levels left

rFire    . . .     SeeInvis .   a - +0 trident
rCold    . . .     Gourm    .   o - +0 buckler
rNeg     . . .     Faith    .   k - +5 leather armour of the Land of Plenty {-Tele rPois Regen+}
rPois    +         Spirit   .   h - +0 helmet
rElec    .         Reflect  .   e - +0 cloak
rCorr    .         Harm     .   s - +0 pair of gloves
MR       .....     NoTele   +   (no boots)
Stlth    +.........             (no amulet)
HPRegen  1.61/turn              (no ring)
MPRegen  0.13/turn              (no ring)

@: very slightly contaminated, regenerating
A: change form in water, swift swim, stealthy swim
a: Animate Remains, Renounce Religion


You were on level 9 of the Dungeon.
You worshipped Yredelemnul.
Yredelemnul was aware of your devotion.
You were not hungry.

You visited 2 branches of the dungeon, and saw 10 of its levels.

You collected 444 gold pieces.
You spent 66 gold pieces at shops.

Inventory:

Hand Weapons
 a - a +0 trident (weapon)
 L - a +2 dagger of venom
Missiles
 p - 36 poisoned darts (quivered)
 K - a throwing net
Armour
 b - a +0 leather armour
 e - a +0 cloak (worn)
 h - a +0 helmet (worn)
 k - the +5 leather armour of the Land of Plenty (worn) {-Tele rPois Regen+}
   (You found it on level 4 of the Dungeon)

   It protects you from poison.
   It prevents most forms of teleportation.
   It increases your rate of regeneration.
 o - a +0 buckler (worn)
 r - a +0 ring mail
 s - a +0 pair of gloves (worn)
Magical Staves
 J - an uncursed staff of poison {unknown}
Jewellery
 x - a cursed -3 ring of intelligence {unknown}
 C - an uncursed ring of stealth {unknown}
 E - a cursed -5 ring of dexterity {unknown}
 I - an uncursed amulet of the gourmand {unknown}
Wands
 l - a wand of flame (16)
 m - a wand of scattershot (8)
Scrolls
 d - a scroll of acquirement {unknown}
 f - 2 scrolls of remove curse
 g - 3 scrolls of random uselessness {unknown}
 i - 2 scrolls of immolation
 v - 2 scrolls of identify
 y - 3 scrolls of teleportation
 A - a scroll of enchant armour {unknown}
 D - a scroll of fog {unknown}
 F - a scroll of fear
 G - 2 scrolls of enchant weapon
Potions
 j - 2 potions of might
 n - 2 potions of agility
 q - a potion of heal wounds
 t - 3 potions of lignification
 u - 6 potions of curing
 w - a potion of mutation
 B - a potion of magic {unknown}
 H - a potion of brilliance {unknown}
Comestibles
 c - 6 rations


   Skills:
 - Level 2.1 Fighting
 + Level 12.7 Polearms
 - Level 0.6 Armour
 + Level 9.6 Dodging
 - Level 4.0 Shields
 - Level 2.0 Spellcasting
 + Level 2.2 Hexes
 - Level 8.0 Charms
 - Level 1.2 Translocations
 + Level 4.6 Invocations


You had one spell level left.
You knew the following spells:

 Your Spells              Type           Power        Failure   Level  Hunger
a - Shroud of Golubria    Chrm/Tloc      ###...       7%          2    ###....
e - Blink                 Tloc           N/A          26%         2    ###....
s - Song of Slaying       Chrm           ####....     1%          2    ###....
x - Regeneration          Chrm/Necr      ##........   17%         3    ###....
z - Spectral Weapon       Hex/Chrm       ###.....     11%         3    ###....

Your spell library contained the following spells:

 Spells                   Type           Power        Failure   Level  Hunger
 Infusion                 Chrm           ####         1%          1    #......
 Beastly Appendage        Tmut           #.....       28%         1    #......
 Flame Tongue             Conj/Fire      #....        28%         1    #......
 Magic Dart               Conj           #...         28%         1    #......
 Slow                     Hex            #.......     17%         2    ###....
 Call Imp                 Summ           #.......     41%         2    ###....
 Sticks to Snakes         Tmut           #.......     41%         2    ###....
 Throw Flame              Conj/Fire      #.....       41%         2    ###....
 Inner Flame              Hex/Fire       #.......     50%         3    ###....
 Conjure Flame            Conj/Fire      #.......     65%         3    ###....
 Mephitic Cloud           Conj/Pois/Air  #.......     65%         3    ###....
 Spider Form              Tmut/Pois      #.........   65%         3    ###....
 Ice Form                 Ice/Tmut       #.......     96%         4    #####..
 Sticky Flame             Conj/Fire      #.......     96%         4    #####..
 Blade Hands              Tmut           #.........   100%        5    ######.
 Fireball                 Conj/Fire      #.........   100%        5    ######.


Dungeon Overview and Level Annotations

Branches:
Dungeon (9/15)             Temple (1/1) D:7
   Lair: D:8-11         Orc: D:9-12

Altars:
Cheibriados
Dithmenos
Elyvilon
Fedhas
Gozag
Kikubaaqudgha
Makhleb
Qazlal
Ru
Sif Muna
Uskayaw
Vehumet
Xom
Yredelemnul

Shops:
D:5 ?   D:6 *[   D:7 !   D:8 %

Annotations:
D:4 exclusion: downstairs
D:5 exclusion: 2 downstairs
D:9 Gastronok


Message History

You block Gastronok's attack.
You hit Gastronok but do no damage.
Gastronok is almost dead.
You hit Gastronok.
Gastronok is almost dead.
You hit Gastronok but do no damage.
Gastronok is almost dead.
Gastronok gurgles, "A snack!
A snack!"
Gastronok waves his eye-stalks in wide circles.
The air twists around and strikes you!
* * * LOW HITPOINT WARNING * * *
Casting: Spectral Weapon (safe; 11% risk of failure)
Confirm with . or Enter, or press ? or * to list all spells.
Your skin crawls.
You hit Gastronok.
Gastronok is almost dead.
Gastronok waves his eye-stalks in wide circles.
The air twists around and strikes you!
You die...
Your body rises from the dead as a mindless zombie.

#####
#bw@#
#b###
..
...
#..
#. #


You could see Gastronok and 2 bats.

Vanquished Creatures
  A death knight (D:7)
  Prince Ribbit (D:7)
  Grinder (D:4)
  A hippogriff (D:8)
  2 wraiths (D:8)
  A water moccasin (D:6)
  3 orc warriors
  An ice beast (D:5)
  3 phantoms
  2 sky beasts
  4 ogres
  A centaur (D:7)
  A bullfrog (D:6)
  A wyvern skeleton (D:6)
  A scorpion (D:5)
  An electric eel (D:6)
  A bullfrog zombie (D:8)
  6 crimson imps
  Crazy Yiuf (D:3)
  A centaur zombie (D:5)
  4 hounds
  3 jellies (D:8)
  A bullfrog skeleton (D:5)
  6 orc priests
  9 orc wizards
  Terence (D:2)
  10 worker ants
  2 hound skeletons
  9 adders
  A shadow imp (D:7)
  2 oozes
  An adder zombie (D:7)
  An adder skeleton (D:6)
  4 worms
  4 dart slugs (D:2)
  6 leopard geckos
  31 orcs
  4 giant cockroaches
  6 goblins
  5 hobgoblins
  11 jackals
  15 kobolds
  3 ball pythons
  7 bats
  5 frilled lizards
  8 rats
193 creatures vanquished.

Vanquished Creatures (others)
  9 spectral weapons
9 creatures vanquished.

Grand Total: 202 creatures vanquished

Notes
Turn   | Place    | Note
-------+----------+-------------------------------------------
     0 | D:1      | Loge the Merfolk Skald began the quest for the Orb.
     0 | D:1      | Reached XP level 1. HP: 16/16 MP: 3/3
   323 | D:1      | Reached XP level 2. HP: 22/22 MP: 3/5
   609 | D:1      | Reached skill level 4 in Polearms
   963 | D:1      | Reached XP level 3. HP: 27/27 MP: 6/6
  1057 | D:1      | Learned a level 2 spell: Song of Slaying
  1280 | D:1      | Learned a level 3 spell: Spectral Weapon
  1303 | D:2      | Noticed Terence
  1315 | D:2      | Killed Terence
  1315 | D:2      | Reached XP level 4. HP: 33/33 MP: 3/7
  1338 | D:2      | Reached skill level 5 in Polearms
  2059 | D:2      | Reached XP level 5. HP: 23/38 MP: 1/8
  3139 | D:3      | Found a runed translucent door.
  3140 | D:3      | Noticed Crazy Yiuf
  3372 | D:3      | Reached skill level 6 in Polearms
  3676 | D:3      | Killed Crazy Yiuf
  3676 | D:3      | Reached skill level 1 in Shields
  3676 | D:3      | Reached XP level 6. HP: 23/44 MP: 5/9
  4133 | D:4      | Got a brightly glowing leather armour
  4197 | D:4      | Learned a level 3 spell: Regeneration
  4520 | D:4      | Noticed Grinder
  4532 | D:4      | Paralysed by Grinder for 6 turns
  4556 | D:4      | Killed Grinder
  4556 | D:4      | Reached skill level 7 in Polearms
  4556 | D:4      | Reached skill level 5 in Dodging
  4556 | D:4      | Reached skill level 5 in Charms
  4556 | D:4      | Reached XP level 7. HP: 31/50 MP: 8/10
  4965 | D:4      | Reached skill level 8 in Polearms
  5237 | D:5      | Entered Level 5 of the Dungeon
  5558 | D:5      | Reached XP level 8. HP: 56/56 MP: 11/11
  5766 | D:5      | Reached skill level 9 in Polearms
  6055 | D:5      | Learned a level 2 spell: Blink
  6463 | D:5      | Reached skill level 10 in Polearms
  6482 | D:5      | Found Mule's Magic Scroll Shop.
  6486 | D:5      | Bought a scroll of teleportation for 33 gold pieces
  6486 | D:5      | Bought a scroll of teleportation for 33 gold pieces
  7174 | D:6      | Found a white marble altar of Elyvilon.
  7174 | D:6      | Found an ancient bone altar of Kikubaaqudgha.
  7175 | D:6      | Found a hide-covered altar of Uskayaw.
  7220 | D:6      | Found Oker's Serpentskin Sales.
  7234 | D:6      | Reached XP level 9. HP: 54/61 MP: 9/12
  7256 | D:6      | Identified the +5 leather armour of the Land of Plenty
                  | {-Tele rPois Regen+} (You found it on level 4 of the
                  | Dungeon)
  7755 | D:4      | Reached skill level 11 in Polearms
  8067 | D:6      | Found a basalt altar of Yredelemnul.
  8081 | D:6      | Found a shadowy altar of Dithmenos.
  8095 | D:6      | Found a shimmering altar of Xom.
  8098 | D:6      | Found a burning altar of Makhleb.
  8104 | D:6      | Became a worshipper of Yredelemnul the Dark
  8120 | D:6      | Found Hagh's Armour Boutique.
  8465 | D:6      | Reached skill level 1 in Invocations
  8621 | D:7      | Found an opulent altar of Gozag.
  8690 | D:7      | Found Ystria's Distillery.
  8766 | D:7      | Found a staircase to the Ecumenical Temple.
  8775 | Temple   | Entered the Ecumenical Temple
  8872 | D:7      | Noticed Prince Ribbit
  8881 | D:7      | Killed Prince Ribbit
  9406 | D:8      | Learned a level 2 spell: Shroud of Golubria
  9432 | D:8      | Reached skill level 12 in Polearms
  9477 | D:8      | Found Umeq's Food Shop.
  9504 | D:8      | Reached XP level 10. HP: 54/67 MP: 10/13
  9567 | D:8      | Found a blossoming altar of Fedhas.
  9571 | D:8      | Noticed a death knight
  9663 | D:7      | Killed a death knight
  9663 | D:7      | Reached skill level 1 in Hexes
  9663 | D:7      | Reached skill level 1 in Translocations
  9756 | D:8      | Found a stormy altar of Qazlal.
  9767 | D:8      | Reached * piety under Yredelemnul
  9938 | D:8      | Found a radiant altar of Vehumet.
  9951 | D:8      | Found a shimmering blue altar of Sif Muna.
 10055 | D:8      | Found a sacrificial altar of Ru.
 10358 | D:9      | Noticed Gastronok
 10396 | D:9      | HP: 3/67 [Gastronok/the air (32)]
 10398 | D:9      | Killed from afar by Gastronok

Levels and vault maps discovered:
D:1:      dpeg_arrival_three_same_balls, layout_basic, chequers_arboretum
D:2:      layout_basic, first_ration, minmay_circle_x, uniq_terence
D:3:      layout_rooms, uniq_crazy_yiuf_cottage
D:4:      minmay_chambers_of_fours, layout_basic, minmay_crystal_water,
          uniq_grinder
D:5:      layout_rooms, serial_shops, kennysheep_mini_moat
D:6:      layout_cave_pods, gammafunk_temple_overflow_claw,
          grunt_temple_overflow_cloverleaf, serial_shops, shop, minivault_22,
          nrook_pool_corridor, guppyfry_shop_venom
D:7:      layout_basic, minmay_temple_entry_large_hall, serial_shops, shop,
          basic_altar, chequers_serial_rivers_micro_d, uniq_prince_ribbit1
D:8:      layout_basic, grunt_temple_overflow_forces_of_nature,
          nicolae_ru_path_of_blood, lemuel_doored_altar, vehumet_crystals,
          serial_shops, nicolae_shop_statue_plus
D:9:      layout_basic, serial_shops, nicolae_shop_trees, uniq_maurice,
          uniq_gastronok
Temple:   eino_wide_crystal_templ

Skill      XL: |  1  2  3  4  5  6  7  8  9 10 |
---------------+-------------------------------+-----
Dodging        | 3 4 5 7 9 |  9.6
Polearms       | 4 5 6 7 8 10 12 | 12.7
Charms         | 4 5 6 8 |  8.0
Shields        | 1 2 4 |  4.0
Invocations    | 3 4 |  4.6
Hexes          | 2 |  2.2
Translocations | 1 |  1.2
Fighting       | |  2.1
Armour         | |  0.6
Spellcasting   | |  2.0

Action                   |  1- 3 |  4- 6 |  7- 9 | 10-12 || total
-------------------------+-------+-------+-------+-------++-------
Melee: Spear             |    92 |   253 |   179 |       ||   524
       Tailslap          |       |       |     2 |       ||     2
       Trident           |       |       |   360 |   143 ||   503
Throw: Stone             |    18 |       |       |       ||    18
 Cast: Infusion          |    14 |    14 |       |       ||    28
       Spectral Weapon   |     1 |     6 |    23 |    12 ||    42
       Song of Slaying   |     1 |     1 |     3 |       ||     5
       Regeneration      |       |       |     1 |     5 ||     6
       Shroud of Golubri |       |       |       |     2 ||     2
  Use: Scroll            |       |     7 |     6 |       ||    13
 Stab: Sleeping          |     2 |     1 |     2 |       ||     5
       Distracted        |       |       |     1 |     4 ||     5
  Eat: Chunk             |     2 |    11 |    14 |     3 ||    30
       Ration            |       |       |     2 |     1 ||     3
Armor: Leather armour    |    14 |    29 |    69 |    12 ||   124
Dodge: Dodged            |    50 |    95 |   210 |    42 ||   397
Block: Buckler           |       |       |    53 |    10 ||    63

Table legend:
 A = Non-vault XP
 B = Vault XP
 C = Vault XP percentage of total XP
 D = Non-vault monster count
 E = Vault monster count
 F = Vault count percentage of total count
                 A         B        C        D         E       F
            +---------+---------+-------+---------+---------+-------
      Total |    5663 |     922 |  14.0 |     180 |      13 |   6.7
            +---------+---------+-------+---------+---------+-------
        D:1 |      47 |       0 |   0.0 |      30 |       0 |   0.0
        D:2 |      82 |      53 |  39.3 |      23 |       6 |  20.7
        D:3 |      99 |      44 |  30.8 |      19 |       1 |   5.0
        D:4 |     533 |     358 |  40.2 |      13 |       4 |  23.5
        D:5 |    1114 |       0 |   0.0 |      30 |       0 |   0.0
        D:6 |     586 |     153 |  20.7 |      21 |       1 |   4.5
        D:7 |    1738 |     314 |  15.3 |      24 |       1 |   4.0
        D:8 |    1427 |       0 |   0.0 |      19 |       0 |   0.0
        D:9 |      37 |       0 |   0.0 |       1 |       0 |   0.0
            +---------+---------+-------+---------+---------+-------
